[Event "42nd Olympiad Baku 2016 Women"]
[Site "Baku"]
[Date "2016.09.06"]
[Round "5.9"]
[White "Blackman, Katrina"]
[Black "Caruana Pulpan, Oana"]
[Result "1/2-1/2"]
[ECO "A80"]
[WhiteElo "1642"]
[BlackElo "1894"]
[Annotator ""]
[PlyCount "95"]
[EventDate "2016.??.??"]
[EventType "team-tourn"]
[EventCountry "AZE"]
[SourceTitle "playchess.com"]
[Source "ChessBase"]
[WhiteTeam "Barbados"]
[BlackTeam "Malta"]
[WhiteTeamCountry "BAR"]
[BlackTeamCountry "MLT"]
[TimeControl "40/5400+30:1800+30"]

1. d4 {(00:00)} f5 {(00:00)} 2. Nf3 {(00:00)} Nf6 {
(00:00)} 3. Bf4 {(00:00)} d6 {(00:00)} 4. e3 {(00:
00)} g6 {(00:57)} 5. h3 {(00:02)} Bg7 {(00:24)} 6. Bh2 {
(00:25)} O-O {(01:05)} 7. Be2 {(00:02)} Ne4 {(00:
55)} 8. O-O {(00:27)} c5 {(02:05)} 9. c3 {(00:50)} Nd7 {
(01:00)} 10. Nbd2 {(03:41)} b6 {(02:15)} 11. Bc4+ {
(16:31)} Kh8 {(00:54)} 12. Bd5 {(00:40)} Nxd2 {(00:
12)} 13. Qxd2 {(00:06)} Ba6 {(02:31)} 14. Rfe1 {(01:13)}
Rc8 {(00:21)} 15. Ng5 {(05:54)} Qe8 {(00:58)} 16. Ne6 {
(00:32)} Rf6 {(01:34)} 17. Nxg7 {(03:34)} Kxg7 {(
00:04)} 18. Bb3 {(02:27)} Bb7 {(04:55)} 19. Rad1 {(03:57)}
c4 {(00:53)} 20. Bc2 {(00:30)} d5 {(01:37)} 21. b3 {
(07:02)} Rfc6 {(01:03)} 22. Rc1 {(00:28)} Ba6 {(03:
08)} 23. a4 {(06:54)} cxb3 {(00:13)} 24. Bxb3 {(00:08)}
Bc4 {(00:05)} 25. Qa2 {(07:08)} a6 {(04:38)} 26. Bxc4 {
(02:02)} Rxc4 {(00:05)} 27. Qb3 {(01:07)} Qf7 {(00:
38)} 28. Rc2 {(04:05)} Qe6 {(00:07)} 29. Ra1 {(02:23)} Qc6
{(00:20)} 30. Qa3 {(06:09)} Kf7 {(00:13)} 31. a5 {(
02:46)} b5 {(00:37)} 32. Rac1 {(07:01)} Ra4 {(00:54)} 33.
Qb2 {(00:07)} Rxa5 {(01:00)} 34. Bf4 {(01:44)} Ra4 {
(02:37)} 35. Ra1 {(01:34)} Rxa1+ {(00:52)} 36. Qxa1 {
(00:02)} b4 {(01:10)} 37. Ra2 {(07:41)} Qxc3 {(00:
33)} 38. Rxa6 {(00:48)} b3 {(02:01)} 39. Qa4 {(04:45)} Qc4
{(10:14)} 40. Kh2 {(00:00)} b2 {(00:00)} 41. Qxd7 {
(11:34)} Qxa6 {(04:35)} 42. Qxd5+ {(00:02)} Qe6 {(
09:15)} 43. Qb7 {(00:15)} Qa2 {(04:09)} 44. Qxc8 {(07:11)}
b1=Q {(00:12)} 45. Qh8 {(00:19)} Qxf2 {(03:13)} 46. Qxh7+
{(00:06)} Ke8 {(01:03)} 47. Qg8+ {(00:43)} Kd7 {(
01:11)} 48. Qd5+ {(00:10)} 1/2-1/2

[Event "42nd Olympiad Baku 2016 Women"]
[Site "Baku"]
[Date "2016.09.06"]
[Round "5.20"]
[White "Bogdan, Ekaterina"]
[Black "Siew, Kai Xin"]
[Result "1-0"]
[ECO "D17"]
[WhiteElo "2120"]
[BlackElo "1607"]
[Annotator ""]
[PlyCount "85"]
[EventDate "2016.??.??"]
[EventType "team-tourn"]
[EventCountry "AZE"]
[SourceTitle "playchess.com"]
[Source "ChessBase"]
[WhiteTeam "Belarus"]
[BlackTeam "Singapore"]
[WhiteTeamCountry "BLR"]
[BlackTeamCountry "SIN"]
[TimeControl "40/5400+30:1800+30"]

1. d4 {(00:00)} d5 {(00:00)} 2. c4 {(00:00)} c6 {(
00:00)} 3. Nf3 {(00:00)} Nf6 {(00:00)} 4. Nc3 {(00:13)}
dxc4 {(00:00)} 5. a4 {(00:34)} Bf5 {(00:01)} 6. Nh4 {
(00:24)} Bg6 {(00:33)} 7. Nxg6 {(01:58)} hxg6 {(00:
05)} 8. e4 {(01:57)} e6 {(03:07)} 9. Bxc4 {(04:13)} Bb4 {
(03:46)} 10. Qd3 {(05:31)} Qc7 {(04:03)} 11. h3 {(
04:19)} Nbd7 {(06:19)} 12. e5 {(12:43)} Nd5 {(00:17)} 13.
O-O {(00:23)} Nxc3 {(10:17)} 14. bxc3 {(00:18)} Be7 {
(00:05)} 15. Bxe6 {(05:52)} O-O {(04:53)} 16. Ba2 {
(07:56)} Kh7 {(08:04)} 17. e6 {(05:04)} fxe6 {(05:
06)} 18. Bb1 {(03:44)} Rf6 {(04:50)} 19. Bg5 {(02:07)} Nf8
{(00:09)} 20. Bxf6 {(01:54)} gxf6 {(00:06)} 21. Re1 {
(01:14)} Bd6 {(05:12)} 22. Ra2 {(07:47)} Re8 {(05:
20)} 23. Rae2 {(00:15)} Kg7 {(01:18)} 24. h4 {(01:18)} Re7
{(01:24)} 25. g3 {(03:12)} c5 {(03:52)} 26. Ba2 {(
02:11)} Qc8 {(01:16)} 27. Kg2 {(02:44)} Qc6+ {(11:03)} 28.
d5 {(01:01)} Qxa4 {(00:11)} 29. dxe6 {(00:36)} Qc6+ {
(00:38)} 30. Bd5 {(01:30)} Qc7 {(00:17)} 31. h5 {(
03:38)} g5 {(01:41)} 32. Qf5 {(01:02)} Be5 {(01:24)} 33.
Rxe5 {(02:33)} fxe5 {(01:08)} 34. Qxg5+ {(00:07)} Kh8 {
(00:08)} 35. Qf6+ {(00:50)} Kg8 {(00:31)} 36. Rxe5 {
(01:32)} Nh7 {(00:31)} 37. Qg6+ {(00:29)} Kh8 {(00:
16)} 38. Rf5 {(01:44)} Qd8 {(01:17)} 39. c4 {(01:32)} Rg7
{(01:05)} 40. Qh6 {(00:00)} b6 {(00:00)} 41. Qf4 {(
02:03)} Re7 {(02:46)} 42. Rf7 {(01:49)} Rxf7 {(00:57)} 43.
Qxf7 {(00:55)} 1-0

[Event "42nd Olympiad Baku 2016 Women"]
[Site "Baku"]
[Date "2016.09.06"]
[Round "5.32"]
[White "Bosch Garcia, Jacqueline"]
[Black "Zhukovskaya, Nina"]
[Result "1-0"]
[ECO "C11"]
[WhiteElo "2011"]
[BlackElo "1793"]
[Annotator ""]
[PlyCount "61"]
[EventDate "2016.??.??"]
[EventType "team-tourn"]
[EventCountry "AZE"]
[SourceTitle "playchess.com"]
[Source "ChessBase"]
[WhiteTeam "ECU"]
[BlackTeam "ICCD"]
[WhiteTeamCountry "ECU"]
[BlackTeamCountry "KAZ"]
[TimeControl "40/5400+30:1800+30"]

1. e4 {(00:00)} e6 {(00:00)} 2. Nf3 {(00:00)} d5 {(
03:39)} 3. Nc3 {(00:00)} dxe4 {(00:30)} 4. Nxe4 {(00:00)}
Nd7 {(00:23)} 5. Bc4 {(05:07)} Ngf6 {(01:51)} 6. Ng3 {
(00:14)} Be7 {(00:56)} 7. O-O {(00:06)} O-O {(00:
28)} 8. d4 {(01:26)} b6 {(03:41)} 9. Re1 {(04:24)} Bb7 {
(00:15)} 10. c3 {(03:29)} Bxf3 {(02:45)} 11. Qxf3 {
(00:20)} c5 {(09:07)} 12. dxc5 {(08:05)} Bxc5 {(02:
34)} 13. Bg5 {(01:13)} h6 {(06:19)} 14. Bf4 {(00:34)} Qc8
{(02:56)} 15. Bb3 {(08:44)} a6 {(12:22)} 16. Rad1 {
(00:33)} Ra7 {(04:16)} 17. Bc2 {(10:37)} Re8 {(05:
05)} 18. Bc1 {(12:11)} Qb7 {(15:45)} 19. Ne4 {(03:50)} Be7
{(07:14)} 20. Qg3 {(06:10)} Kh8 {(02:13)} 21. Qh3 {
(01:51)} Ng8 {(03:39)} 22. g4 {(08:49)} f6 {(02:02]
} 23. Qh5 {(06:39)} Qb8 {(03:06)} 24. Ng3 {(10:07)} Ne5 {
(01:59)} 25. Kf1 {(04:14)} g5 {(03:14)} 26. f4 {(
01:30)} Nf3 {(02:04)} 27. Rxe6 {(00:47)} Nh4 {(00:59)} 28.
fxg5 {(01:04)} fxg5 {(00:32)} 29. Rxh6+ {(01:03)} Nxh6 {
(01:12)} 30. Qxh6+ {(00:02)} Kg8 {(01:31)} 31. Bb3# {
(00:02)} 1-0

[Event "42nd Olympiad Baku 2016 Women"]
[Site "Baku"]
[Date "2016.09.06"]
[Round "5.22"]
[White "Brunello, Marina"]
[Black "Ju, Wenjun"]
[Result "1/2-1/2"]
[ECO "C42"]
[WhiteElo "2376"]
[BlackElo "2583"]
[Annotator ""]
[PlyCount "65"]
[EventDate "2016.??.??"]
[EventType "team-tourn"]
[EventCountry "AZE"]
[SourceTitle "playchess.com"]
[Source "ChessBase"]
[WhiteTeam "Italy"]
[BlackTeam "China"]
[WhiteTeamCountry "ITA"]
[BlackTeamCountry "CHN"]
[TimeControl "40/5400+30:1800+30"]

1. e4 {(00:00)} e5 {(00:00)} 2. Nf3 {(00:00)} Nf6 {
(00:00)} 3. Nxe5 {(00:51)} d6 {(00:02)} 4. Nf3 {(
00:08)} Nxe4 {(00:05)} 5. Nc3 {(00:06)} Nxc3 {(00:15)} 6.
dxc3 {(00:05)} Be7 {(00:08)} 7. Be3 {(01:12)} Nc6 {
(00:07)} 8. Qd2 {(06:48)} Be6 {(01:18)} 9. Nd4 {(
06:11)} Nxd4 {(01:44)} 10. cxd4 {(01:13)} d5 {(08:03)} 11.
Bd3 {(03:07)} Qd7 {(02:16)} 12. Bf4 {(04:10)} O-O {
(02:27)} 13. O-O {(00:44)} Bd6 {(05:59)} 14. c3 {(
05:25)} Rae8 {(03:51)} 15. Rae1 {(02:41)} c6 {(04:17)} 16.
Bxd6 {(04:28)} Qxd6 {(00:46)} 17. Re5 {(01:19)} f6 {
(08:03)} 18. Re3 {(02:01)} g6 {(02:34)} 19. Rfe1 {(
08:19)} Bf7 {(03:50)} 20. h4 {(03:44)} Rxe3 {(02:38)} 21.
Rxe3 {(00:12)} Re8 {(00:23)} 22. Rxe8+ {(05:37)} Bxe8 {
(00:04)} 23. Qe3 {(00:15)} Bf7 {(00:26)} 24. f4 {(
02:25)} Qe6 {(02:54)} 25. Qxe6 {(01:09)} Bxe6 {(00:08)}
26. Kf2 {(08:04)} f5 {(05:54)} 27. Ke3 {(07:18)} Kf7 {
(01:17)} 28. Be2 {(00:31)} h5 {(03:00)} 29. b3 {(
08:24)} Ke7 {(01:27)} 30. Kd3 {(00:33)} Kd6 {(00:05)} 31.
c4 {(02:59)} dxc4+ {(01:02)} 32. bxc4 {(00:05)} c5 {
(01:31)} 33. Kc3 {(01:41] Ke5} 1/2-1/2

[Event "42nd Olympiad Baku 2016 Women"]
[Site "Baku"]
[Date "2016.09.06"]
[Round "5.3"]
[White "Chang, Suzana"]
[Black "Saric, Kristina"]
[Result "1/2-1/2"]
[ECO "D47"]
[WhiteElo "2093"]
[BlackElo "2201"]
[Annotator ""]
[PlyCount "65"]
[EventDate "2016.??.??"]
[EventType "team-tourn"]
[EventCountry "AZE"]
[SourceTitle "playchess.com"]
[Source "ChessBase"]
[WhiteTeam "Brazil"]
[BlackTeam "Croatia"]
[WhiteTeamCountry "BRA"]
[BlackTeamCountry "CRO"]
[TimeControl "40/5400+30:1800+30"]

1. c4 {(00:00)} Nf6 {(00:06)} 2. Nf3 {(00:00)} e6 {
(00:49)} 3. d4 {(00:39)} d5 {(00:21)} 4. Nc3 {(00:
28)} c6 {(01:30)} 5. e3 {(01:24)} Nbd7 {(00:28)} 6. Bd3 {
(00:26)} dxc4 {(00:43)} 7. Bxc4 {(00:05)} b5 {(00:
57)} 8. Bb3 {(02:28)} b4 {(07:26)} 9. Ne2 {(00:27)} Bd6 {
(01:12)} 10. O-O {(00:23)} O-O {(00:58)} 11. Bc2 {(
00:40)} c5 {(15:01)} 12. a3 {(03:52)} Bb7 {(05:10)} 13.
axb4 {(00:59)} cxb4 {(04:39)} 14. Ng3 {(00:40)} Qc7 {
(08:27)} 15. Qe2 {(10:53)} Bxg3 {(03:40)} 16. hxg3 {
(09:50)} Ne4 {(00:37)} 17. Bd3 {(00:15)} a5 {(03:
26)} 18. Nd2 {(01:57)} Ndf6 {(02:33)} 19. Nxe4 {(02:10)}
Bxe4 {(02:43)} 20. Bd2 {(02:55)} Rfc8 {(01:22)} 21. Rfc1 {
(00:49)} Qb6 {(02:37)} 22. b3 {(03:51)} h6 {(04:52]
} 23. f3 {(14:49)} Bb7 {(11:59)} 24. Bc4 {(04:55)} Rd8 {
(03:04)} 25. Be1 {(00:39)} Nd5 {(02:38)} 26. Bxd5 {
(09:12)} Bxd5 {(00:57)} 27. Qb2 {(01:10)} Rdc8 {(
02:16)} 28. e4 {(10:45)} Bb7 {(00:09)} 29. Bf2 {(00:20)}
Qb5 {(01:10)} 30. Rc5 {(10:22)} Rxc5 {(04:45)} 31. dxc5 {
(00:02)} Rd8 {(00:46)} 32. Qe5 {(05:30)} Qc6 {(04:
23)} 33. Rxa5 {(02:03)} 1/2-1/2

[Event "42nd Olympiad Baku 2016 Women"]
[Site "Baku"]
[Date "2016.09.06"]
[Round "5.17"]
[White "Cho, Hung-Ling"]
[Black "Abarca Gonzalez, Damaris"]
[Result "0-1"]
[ECO "B33"]
[WhiteElo "1515"]
[BlackElo "2092"]
[Annotator ""]
[PlyCount "150"]
[EventDate "2016.??.??"]
[EventType "team-tourn"]
[EventCountry "AZE"]
[SourceTitle "playchess.com"]
[Source "ChessBase"]
[WhiteTeam "Taiwan"]
[BlackTeam "Chile"]
[WhiteTeamCountry "TPE"]
[BlackTeamCountry "CHI"]
[TimeControl "40/5400+30:1800+30"]

1. e4 {(00:00)} c5 {(00:00)} 2. Nf3 {(00:00)} Nc6 {
(00:00)} 3. d4 {(00:00)} cxd4 {(00:00)} 4. Nxd4 {(
00:00)} Nf6 {(00:00)} 5. Nc3 {(00:02)} e6 {(00:00)} 6. Be2
{(01:42)} Bb4 {(00:26)} 7. f3 {(10:46)} Qa5 {(09:
45)} 8. Nb3 {(24:22)} Qb6 {(04:09)} 9. Bd2 {(07:01)} d5 {
(05:20)} 10. exd5 {(02:14)} exd5 {(00:24)} 11. Na4 {
(04:55)} Qc7 {(05:23)} 12. Bxb4 {(02:58)} Nxb4 {(
00:09)} 13. Nac5 {(02:46)} O-O {(02:06)} 14. c3 {(01:10)}
Nc6 {(00:51)} 15. O-O {(00:35)} Na5 {(09:08)} 16. Kh1 {
(06:32)} Nc4 {(02:18)} 17. Qc1 {(03:14)} Re8 {(04:
49)} 18. Re1 {(04:41)} a5 {(06:14)} 19. Nd3 {(02:31)} Bf5
{(07:40)} 20. Nf2 {(05:12)} Bg6 {(09:16)} 21. Nd4 {
(03:25)} Re7 {(03:02)} 22. Bxc4 {(01:26)} dxc4 {(
00:29)} 23. Rxe7 {(02:34)} Qxe7 {(00:25)} 24. Nh3 {(03:11]
} h6 {(03:58)} 25. Nf4 {(01:14)} Bh7 {(00:08)} 26. Qd2 {
(01:43)} Re8 {(01:25)} 27. Qf2 {(03:23)} g5 {(02:
52)} 28. Nfe2 {(01:06)} Nd5 {(01:35)} 29. Ng3 {(02:06)}
Qe5 {(02:25)} 30. Qe2 {(02:46)} Ne3 {(03:36)} 31. Re1 {
(01:14)} f5 {(00:47)} 32. Nf1 {(00:31)} f4 {(02:42]
} 33. Nxe3 {(00:04)} fxe3 {(01:08)} 34. Qxc4+ {(00:17)}
Kh8 {(00:37)} 35. Ne2 {(00:40)} Rd8 {(02:17)} 36. Nd4 {
(00:10)} Re8 {(02:26)} 37. Ne2 {(00:11)} Bg8 {(00:
58)} 38. Qd4 {(01:27)} Bxa2 {(01:26)} 39. Qb6 {(00:44)}
Kh7 {(04:12)} 40. Qxb7+ {(00:00)} Re7 {(00:00)} 41. Qb6 {
(03:29)} Qd5 {(03:43)} 42. Nd4 {(06:50)} Bc4 {(04:
43)} 43. Qf6 {(07:53)} Rf7 {(00:35)} 44. Qc6 {(00:23)} Rb7
{(08:17)} 45. Qf6 {(10:03)} e2 {(04:25)} 46. Nf5 {(
01:43)} Qe6 {(01:05)} 47. Qxe6 {(00:22)} Bxe6 {(00:22)}
48. Nd4 {(00:17)} Bc4 {(00:09)} 49. b3 {(01:56)} Bxb3 {
(03:07)} 50. Rxe2 {(00:21)} Bc4 {(00:54)} 51. Re1 {
(00:15)} a4 {(00:18)} 52. Ra1 {(02:16)} a3 {(00:11]
} 53. h3 {(00:37)} a2 {(00:04)} 54. Kh2 {(00:29)} Rb1 {
(00:29)} 55. Nc2 {(00:15)} Kg6 {(03:25)} 56. Kg3 {(
00:43)} Bb3 {(00:05)} 57. h4 {(01:09)} Bxc2 {(02:23)} 58.
Rxa2 {(00:01)} Bd3 {(01:18)} 59. hxg5 {(00:32)} Kxg5 {
(00:02)} 60. Ra5+ {(00:24)} Kf6 {(00:40)} 61. Rh5 {
(00:55)} Kg6 {(00:12)} 62. Rc5 {(00:06)} Rb6 {(01:
08)} 63. f4 {(00:47)} Be4 {(00:34)} 64. Kh3 {(00:40)} Rb2
{(00:27)} 65. Kh4 {(00:39)} Rxg2 {(00:58)} 66. Kh3 {
(00:23)} Rg1 {(01:03)} 67. Kh4 {(00:08)} Rf1 {(00:
32)} 68. Kg3 {(00:06)} h5 {(00:23)} 69. Rg5+ {(01:12)} Kh6
{(00:09)} 70. Rc5 {(00:33)} Rf3+ {(00:11)} 71. Kh2 {
(00:24)} Rxf4 {(00:02)} 72. Rc4 {(00:35)} Kg5 {(00:
16)} 73. Rc8 {(00:29)} Kh4 {(00:41)} 74. Rg8 {(00:29)} Rf1
{(00:21)} 75. Rg1 {(00:24)} Rf2+ {(00:02)} 0-1

[Event "42nd Olympiad Baku 2016 Women"]
[Site "Baku"]
[Date "2016.09.06"]
[Round "5.28"]
[White "Chung, Yaleika"]
[Black "Blagojevic, Lidija"]
[Result "0-1"]
[ECO "A41"]
[WhiteElo "1797"]
[BlackElo "1957"]
[Annotator ""]
[PlyCount "66"]
[EventDate "2016.??.??"]
[EventType "team-tourn"]
[EventCountry "AZE"]
[SourceTitle "playchess.com"]
[Source "ChessBase"]
[WhiteTeam "Panama"]
[BlackTeam "Montenegro"]
[WhiteTeamCountry "PAN"]
[BlackTeamCountry "MNE"]
[TimeControl "40/5400+30:1800+30"]

1. d4 {(00:00)} d6 {(00:00)} 2. Nf3 {(00:00)} Nf6 {
(00:16)} 3. b3 {(00:40)} Nbd7 {(04:08)} 4. Bb2 {(
00:12)} e6 {(01:13)} 5. g3 {(04:26)} Be7 {(04:39)} 6. Bg2
{(00:08)} O-O {(00:25)} 7. O-O {(00:08)} Re8 {(03:
19)} 8. c4 {(00:33)} Rb8 {(05:37)} 9. Nc3 {(03:16)} d5 {
(14:07)} 10. Ne5 {(10:18)} c6 {(00:43)} 11. a4 {(
07:19)} Nxe5 {(02:19)} 12. dxe5 {(00:12)} Nd7 {(00:04)}
13. cxd5 {(08:23)} exd5 {(01:19)} 14. Kh1 {(01:47)} Bb4 {
(08:41)} 15. f4 {(01:02)} Qa5 {(06:52)} 16. Na2 {(
13:42)} Bf8 {(00:20)} 17. Bc3 {(01:13)} Qd8 {(01:17)} 18.
Be1 {(02:05)} f6 {(01:10)} 19. exf6 {(06:56)} Nxf6 {
(00:16)} 20. h3 {(00:48)} Qe7 {(00:59)} 21. Nc3 {(
05:05)} Qf7 {(04:45)} 22. Bf2 {(02:56)} Qh5 {(09:20)} 23.
h4 {(09:12)} b6 {(07:15)} 24. Bd4 {(03:49)} Bg4 {(
11:06)} 25. Be5 {(02:51)} Rbd8 {(00:42)} 26. Bf3 {(01:10)}
Ne4 {(01:36)} 27. Nxe4 {(01:38)} dxe4 {(01:18)} 28. Bxg4 {
(00:52)} Qxg4 {(00:49)} 29. Qe1 {(01:34)} Qh3+ {(
00:29)} 30. Kg1 {(00:42)} Bc5+ {(00:06)} 31. e3 {(00:11)}
Rd3 {(00:17)} 32. Bd4 {(02:55)} Bxd4 {(00:11)} 33. exd4 {
(02:35)} Rxg3+ {(00:14)} 0-1

[Event "42nd Olympiad Baku 2016 Women"]
[Site "Baku"]
[Date "2016.09.06"]
[Round "5.9"]
[White "Coimbra, Margarida"]
[Black "Caton, Stacey"]
[Result "1-0"]
[ECO "B07"]
[WhiteElo "2078"]
[BlackElo "1605"]
[Annotator ""]
[PlyCount "43"]
[EventDate "2016.??.??"]
[EventType "team-tourn"]
[EventCountry "AZE"]
[SourceTitle "playchess.com"]
[Source "ChessBase"]
[WhiteTeam "Portugal"]
[BlackTeam "ARU"]
[WhiteTeamCountry "POR"]
[TimeControl "40/5400+30:1800+30"]

1. e4 {(00:00)} d6 {(00:00)} 2. d4 {(00:00)} Nf6 {(
00:00)} 3. Nc3 {(00:00)} g6 {(00:00)} 4. Be3 {(00:09)} Bg7
{(00:02)} 5. h3 {(00:18)} O-O {(00:22)} 6. Nf3 {(
00:09)} c6 {(00:24)} 7. a4 {(00:21)} Nbd7 {(00:27)} 8. Qd2
{(01:24)} Qc7 {(04:37)} 9. Be2 {(01:20)} e5 {(04:
26)} 10. dxe5 {(01:46)} Nxe5 {(01:31)} 11. Rd1 {(06:10)}
Nxf3+ {(07:51)} 12. Bxf3 {(00:14)} Ne8 {(06:16)} 13. O-O {
(12:07)} Be6 {(09:13)} 14. Bd4 {(21:38)} Be5 {(22:
03)} 15. Ne2 {(08:02)} f5 {(11:56)} 16. exf5 {(07:23)}
Bxf5 {(03:15)} 17. Bxe5 {(01:31)} dxe5 {(00:33)} 18. Qc3 {
(00:57)} Nf6 {(03:37)} 19. Ng3 {(02:30)} Be6 {(01:
45)} 20. Rfe1 {(01:50)} Nd5 {(04:27)} 21. Bxd5 {(01:01)}
Bxd5 {(00:14)} 22. Rxd5 {(00:08)} 1-0

[Event "42nd Olympiad Baku 2016 Women"]
[Site "Baku"]
[Date "2016.09.06"]
[Round "5.23"]
[White "Collazo Hidalgo-Gato, Niala"]
[Black "Fataliyeva, Ulviyya"]
[Result "0-1"]
[ECO "C00"]
[WhiteElo "2268"]
[BlackElo "2234"]
[Annotator ""]
[PlyCount "74"]
[EventDate "2016.??.??"]
[EventType "team-tourn"]
[EventCountry "AZE"]
[SourceTitle "playchess.com"]
[Source "ChessBase"]
[WhiteTeam "Spain"]
[BlackTeam "Azerbaijan"]
[WhiteTeamCountry "ESP"]
[BlackTeamCountry "AZE"]
[TimeControl "40/5400+30:1800+30"]

1. e4 {(00:00)} e6 {(00:00)} 2. d3 {(00:00)} d5 {(
00:00)} 3. Nd2 {(00:00)} Nf6 {(00:00)} 4. Ngf3 {(00:06)}
Bc5 {(00:00)} 5. c3 {(00:09)} a5 {(03:07)} 6. Be2 {
(01:42)} b6 {(02:48)} 7. O-O {(02:24)} O-O {(01:09]
} 8. b3 {(05:37)} Ba6 {(15:32)} 9. a3 {(08:17)} Qc8 {
(11:36)} 10. Bb2 {(10:26)} Be7 {(18:58)} 11. Qc2 {(
11:34)} Nbd7 {(07:44)} 12. Rfe1 {(01:36)} Nh5 {(09:23)}
13. c4 {(08:33)} dxe4 {(01:49)} 14. dxe4 {(02:37)} Nf4 {
(03:20)} 15. Bf1 {(00:14)} Bb7 {(00:40)} 16. g3 {(
04:24)} Ng6 {(00:42)} 17. h4 {(03:59)} Bf6 {(02:33)} 18.
e5 {(04:06)} Bd8 {(00:40)} 19. h5 {(02:15)} Ne7 {(
00:35)} 20. Ne4 {(01:44)} h6 {(04:34)} 21. Qe2 {(08:14)}
Nf5 {(03:16)} 22. Rad1 {(03:29)} Nc5 {(04:03)} 23. Nfd2 {
(01:35)} Kh8 {(04:41)} 24. Qg4 {(06:31)} Be7 {(00:
55)} 25. Qf4 {(05:53)} Qe8 {(03:00)} 26. Nxc5 {(02:46)}
bxc5 {(00:29)} 27. Ne4 {(02:00)} Qc6 {(00:43)} 28. f3 {
(00:16)} Bg5 {(00:23)} 29. Qg4 {(01:24)} Ne3 {(00:
29)} 30. Rxe3 {(00:50)} Bxe3+ {(00:01)} 31. Kh2 {(01:24)}
Rad8 {(00:49)} 32. Re1 {(00:41)} Bd4 {(00:20)} 33. Bc1 {
(01:08)} Bxe5 {(00:33)} 34. Qh4 {(00:33)} f5 {(00:
44)} 35. Nd2 {(00:26)} Rxd2+ {(00:50)} 36. Bxd2 {(00:05)}
Qxf3 {(00:07)} 37. Kg1 {(00:54)} Bd4+ {(00:25)} 0-1

[Event "42nd Olympiad Baku 2016 Women"]
[Site "Baku"]
[Date "2016.09.06"]
[Round "5.15"]
[White "Congiu, Mathilde"]
[Black "Berzina, Ilze"]
[Result "0-1"]
[ECO "B17"]
[WhiteElo "2232"]
[BlackElo "2241"]
[Annotator ""]
[PlyCount "90"]
[EventDate "2016.??.??"]
[EventType "team-tourn"]
[EventCountry "AZE"]
[SourceTitle "playchess.com"]
[Source "ChessBase"]
[WhiteTeam "France"]
[BlackTeam "Latvia"]
[WhiteTeamCountry "FRA"]
[BlackTeamCountry "LAT"]
[TimeControl "40/5400+30:1800+30"]

1. e4 {(00:00)} c6 {(00:00)} 2. d4 {(00:00)} d5 {(
00:00)} 3. Nd2 {(00:07)} dxe4 {(00:12)} 4. Nxe4 {(00:20)}
Nd7 {(00:20)} 5. Ng5 {(00:37)} Ngf6 {(00:21)} 6. Bd3 {
(00:23)} e6 {(00:23)} 7. N1f3 {(00:30)} Bd6 {(00:
30)} 8. Qe2 {(00:45)} h6 {(00:21)} 9. Ne4 {(00:25)} Nxe4 {
(00:11)} 10. Qxe4 {(00:21)} Qc7 {(00:32)} 11. O-O {
(00:49)} b6 {(01:14)} 12. Qg4 {(00:46)} Kf8 {(01:
25)} 13. b3 {(01:49)} Bb7 {(04:20)} 14. Bb2 {(00:42)} Nf6
{(00:45)} 15. Qh3 {(00:53)} Nd5 {(06:51)} 16. g3 {(
02:30)} c5 {(33:16)} 17. dxc5 {(04:26)} bxc5 {(00:31)} 18.
Nd2 {(22:18)} Nf6 {(15:17)} 19. Bxf6 {(11:04)} gxf6 {
(00:05)} 20. Be4 {(00:28)} Bxe4 {(04:58)} 21. Nxe4 {
(00:06)} Be5 {(00:17)} 22. Rad1 {(01:31)} f5 {(00:
43)} 23. Nd2 {(01:19)} Bf6 {(04:36)} 24. Nc4 {(08:56)} Kg7
{(01:39)} 25. Rd3 {(04:14)} Rad8 {(00:48)} 26. Rfd1 {
(00:08)} Rd4 {(01:18)} 27. Rxd4 {(05:20)} Bxd4 {(
03:16)} 28. Qh5 {(03:19)} f4 {(08:19)} 29. Rd3 {(04:58)}
fxg3 {(01:45)} 30. Rxg3+ {(02:43)} Kf8 {(01:55)} 31. Rf3 {
(04:12)} Rh7 {(02:20)} 32. Qh4 {(03:33)} Qe7 {(01:
36)} 33. Qe4 {(03:31)} Rg7+ {(00:35)} 34. Kf1 {(00:36)}
Kg8 {(03:02)} 35. Qf4 {(05:48)} Rg6 {(01:19)} 36. Qb8+ {
(02:10)} Kh7 {(00:29)} 37. Qd6 {(02:15)} Qb7 {(00:
42)} 38. Nd2 {(01:48)} f5 {(01:20)} 39. c3 {(01:45)} Bg7 {
(00:39)} 40. Qxc5 {(00:00)} Qa6+ {(00:00)} 41. Qc4 {
(10:40)} Qxa2 {(00:47)} 42. Ke2 {(03:44)} Rg4 {(14:
26)} 43. Qc6 {(05:25)} Qc2 {(00:39)} 44. Re3 {(02:23)} Rd4
{(03:04)} 45. Qxe6 {(01:34)} Rxd2+ {(00:20)} 0-1